 Dungeon Crawl Stone Soup version 0.31-a0-441-g867994ef1c (webtiles) character file.

Game seed: 10552531494842374300

5142 Dittersdorf the Protected (level 10, -2/66 HPs)
             Began as a Gargoyle Fighter on Aug 2, 2023.
             Was an Elder of Okawaru.
             Slain by a death yak (16 damage)
             ... on level 8 of the Dungeon.
             The game lasted 00:10:26 (8196 turns).

Dittersdorf the Protected (Gargoyle Fighter)        Turns: 8196, Time: 00:10:26

Health: -2/66      AC: 23    Str: 32    XL:     10   Next: 58%
Magic:  10/10      EV:  7    Int:  9    God:    Okawaru [****..]
Gold:   607        SH: 10    Dex:  9    Spells: 9/9 levels left

rFire   . . .        a - +0 flail (elec)
rCold   . . .        h - +0 kite shield
rNeg    + . .        e - +0 plate armour
rPois   ∞            q - +1 hat of Ru's Inspiration {rElec Str+8}
rElec   +            i - +0 cloak
rCorr   .            (no gloves)
SInv    .            (no boots)
Will    .....        f - amulet of faith Stlth
                     (no ring)
HPRegen 0.31/turn    (no ring)
MPRegen 0.12/turn

%: faith
@: no status effects
A: sickness immunity, AC +7, negative energy resistance 1, electricity
resistance, torment resistance 1, petrification resistance
a: Renounce Religion, Heroism, Finesse


You were on level 8 of the Dungeon.
You worshipped Okawaru.
Okawaru was greatly pleased with you.
You visited 2 branches of the dungeon, and saw 10 of its levels.

You collected 607 gold pieces.

Inventory:

Hand Weapons
 a - a +0 flail of electrocution (weapon)
 s - a +0 morningstar
Missiles
 o - 5 curare-tipped darts
Armour
 e - a +0 plate armour (worn)
 h - a +0 kite shield (worn)
 i - a +0 cloak (worn)
 q - the +1 hat of Ru's Inspiration (worn) {rElec Str+8}
   (You found it on level 3 of the Dungeon)

   Str:       It affects your strength (+8).
   rElec:     It insulates you from electricity.
Jewellery
 f - an amulet of faith (around neck)
Wands
 m - a wand of acid (7)
Scrolls
 k - 2 scrolls of fear
 t - a scroll of teleportation
Potions
 b - 2 potions of berserk rage
 c - 2 potions of ambrosia {unknown}
 d - 3 potions of might
 g - 3 potions of curing {unknown}
 j - a potion of mutation
 l - a potion of haste
 n - 2 potions of heal wounds
 p - a potion of lignification {unknown}
 r - a potion of cancellation
 u - a potion of enlightenment {unknown}


   Skills:
 + Level 9.1 Fighting
 + Level 8.0 Maces & Flails
 + Level 9.1 Armour
 + Level 9.1 Shields


You had 9 spell levels left.
You didn't know any spells.
Your spell library contained the following spells:

 Spells                   Type           Power      Damage    Failure   Level
 Freeze                   Ice            0%         1d3       99%         1
 Frozen Ramparts          Ice            0%         1d1       100%        3
 Hailstorm                Conj/Ice       0%         3d3       100%        3
 Ignite Poison            Fire/Tmut/Pois 0%         N/A       100%        3
 Sticky Flame             Conj/Fire      0%         2d3       100%        4
 Ignition                 Fire           0%         3d3       100%        8


Dungeon Overview and Level Annotations

Branches:
Dungeon (9/15)             Temple (1/1) D:6            Lair (0/5) D:9
    Orc: D:9-12

Altars:
Ashenzari
Cheibriados
Dithmenos
Elyvilon
Fedhas
Gozag
Hepliaklqana
Kikubaaqudgha
Makhleb
Nemelex Xobeh
Okawaru
Qazlal
Ru
Sif Muna
Trog
Uskayaw
Vehumet
Wu Jian
Xom
Yredelemnul
Zin
The Shining One

Shops:
D:1 *   D:7 =


Innate Abilities, Weirdness & Mutations

You are immune to sickness and miasma.
Your stone body is resilient. (AC +7)
You are immune to poison.
You resist negative energy. (rN+)
You are resistant to electric shocks. (rElec)
You are resistant to unholy torment.
You are immune to petrification.


Message History

You are too injured to fight recklessly!
You are too injured to fight recklessly!
You are too injured to fight recklessly!
You are too injured to fight recklessly!
You are too injured to fight recklessly!
You are too injured to fight recklessly!
The gnoll attacks as you move away! The gnoll barely misses you.
The death yak attacks as you move away! The death yak gores you!
The death yak attacks as you move away! The death yak completely misses you.
The gnoll attacks as you move away! The gnoll hits you but does no damage.
The death yak attacks as you move away! The death yak closely misses you.
The gnoll hits you but does no damage.
The gnoll bouda gazes fiercely through you!
You feel your attacks grow feeble. The death yak gores you.
The death yak attacks as you move away! You block the death yak's attack.
The gnoll is no longer moving quickly.
The death yak snorts and paws the ground.
There is a stone staircase leading up here.
You can't go down here!
The gnoll barely misses you.
The gnoll hits you from afar with a +0 spear.
The gnoll bouda barks out a call to the hunt!
The gnoll picks up the pace!
You climb upwards.
Reactivating autopickup.
Your attacks no longer feel as feeble.
There is a stone staircase leading down here.
The gnoll closely misses you.
You see here a steam dragon corpse.
The gnoll barely misses you. The gnoll attacks as you move away!
You block the gnoll's attack. x2
The death yak attacks as you move away! The death yak gores you!
* * * LOW HITPOINT WARNING * * *
The gnoll attacks as you move away! You block the gnoll's attack.
The gnoll barely misses you. The gnoll hits you but does no damage.
There is an open door here.
The death yak attacks as you move away! The death yak gores you!
You die...

#......# ##.....## #.####.#
###.......# #.# #.# ###
#.........# #.####.####.##
#.#.......# #.#..........##
#.##.....##
#.#.##.##..#..###.......##
#.#.##.##.###......###.>#
#)#.##.###)#.#####.# #..#
#.))...# ##@## #.# ##.#
###.#### #Y# #.# #.#
#####)#######'## #.####.#
#.........##.g.## #......#
#.###.###.#.....## ######.#
#.....# #........## ##.#.#
#....####.........####....####
#......>).........'.....<[....
#.....†.†.........####...[####


You could see a death yak and a gnoll (swift).

Vanquished Creatures
  Pikel (D:5)
  Grinder (D:5)
  Sigmund (D:6)
  3 wyverns
  A steam dragon (D:8)
  Duvessa (D:5)
  An acid dragon (D:7)
  A water moccasin (D:6)
  2 orc warriors (D:8)
  An ogre (D:7)
  A black bear (D:8)
  3 ice beasts
  A centaur (D:5)
  A lemure (D:5)
  2 phantoms
  5 bullfrogs
  3 scorpions
  A gnoll sergeant (D:7)
  9 wights (D:8)
  Dowan (D:5)
  10 killer bees
  5 howler monkeys
  3 jellies
  7 hounds
  A sleepcap (D:6)
  An orc priest (D:8)
  Ijyb (D:3)
  An iguana (D:6)
  6 orc wizards
  7 adders
  13 gnolls
  A shadow imp (D:6)
  5 ufetubi
  3 dart slugs
  A worm (D:4)
  19 orcs
  8 endoplasms
  3 giant cockroaches
  9 goblins
  6 hobgoblins
  3 jackals (D:3)
  6 kobolds
  7 ball pythons
  2 bats (D:1)
  3 frilled lizards
  8 rats
179 creatures vanquished.

Notes
Turn   | Place    | Note
-------+----------+-------------------------------------------
     0 | D:1      | Dittersdorf the Gargoyle Fighter began the quest for the
                  | Orb.
     0 | D:1      | Reached XP level 1. HP: 14/14 MP: 1/1
   126 | D:1      | Found Soerekke's General Store.
   160 | D:1      | Found a faded altar of an unknown god.
   180 | D:1      | Reached XP level 2. HP: 18/19 MP: 2/2
   918 | D:2      | Reached XP level 3. HP: 23/23 MP: 3/3
  1164 | D:2      | Reached XP level 4. HP: 20/29 MP: 4/4
  1426 | D:3      | Noticed Ijyb
  1446 | D:3      | Killed Ijyb
  1628 | D:3      | HP: 1/29 [orc/+2 mace of protection (8)]
  1647 | D:2      | Reached XP level 5. HP: 7/33 MP: 5/5
  2006 | D:3      | Identified the +1 hat of Ru's Inspiration {rElec Str+8}
  2180 | D:3      | Found a stormy altar of Qazlal.
  2783 | D:4      | Reached XP level 6. HP: 33/39 MP: 6/6
  3374 | D:5      | Entered Level 5 of the Dungeon
  3374 | D:5      | Noticed an ice beast
  3384 | D:4      | Killed an ice beast
  3385 | D:4      | Reached skill level 5 in Fighting
  3385 | D:4      | Reached skill level 5 in Armour
  3385 | D:4      | Reached skill level 5 in Shields
  3385 | D:4      | Reached XP level 7. HP: 44/44 MP: 7/7
  3438 | D:5      | Found a hide-covered altar of Uskayaw.
  3439 | D:5      | Found a sacrificial altar of Ru.
  3440 | D:5      | Found a blossoming altar of Fedhas.
  3441 | D:5      | Found a burning altar of Makhleb.
  3670 | D:5      | Noticed Pikel
  3677 | D:5      | Killed Pikel
  3678 | D:5      | Reached skill level 5 in Maces & Flails
  3678 | D:5      | Reached XP level 8. HP: 47/51 MP: 8/8
  4051 | D:5      | Noticed Duvessa
  4051 | D:5      | Noticed Dowan
  4058 | D:5      | Killed Duvessa
  4060 | D:5      | Killed Dowan
  4227 | D:6      | Noticed Grinder
  4231 | D:6      | Paralysed by Grinder for 5 turns
  4251 | D:5      | Killed Grinder
  4259 | D:6      | Reached XP level 9. HP: 47/56 MP: 9/9
  4377 | D:6      | Noticed Sigmund
  4394 | D:6      | Killed Sigmund
  4589 | D:6      | Found a staircase to the Ecumenical Temple.
  4598 | Temple   | Entered the Ecumenical Temple
  4617 | Temple   | Became a worshipper of Warmaster Okawaru
  5420 | D:7      | Reached * piety under Okawaru
  5470 | D:7      | Identified the +9 rapier "Gotzanno" {flame, rPois rN+
                  | Will+}
  5491 | D:7      | Found Zyomno's Jewellery Shoppe.
  6220 | D:7      | Reached XP level 10. HP: 63/64 MP: 10/10
  6222 | D:7      | Reached ** piety under Okawaru
  7345 | D:8      | Reached *** piety under Okawaru
  7513 | D:8      | Found an opulent altar of Gozag.
  8113 | D:8      | Reached **** piety under Okawaru
  8162 | D:9      | Found a staircase to the Lair.
  8164 | D:9      | Noticed a death yak
  8166 | D:9      | Noticed a death yak
  8167 | D:9      | Noticed a death yak
  8196 | D:8      | Slain by a death yak

Illustrated notes

Levels and vault maps discovered:
D:1:      minmay_arrival_split_and_join, layout_loops_ring,
          dilly_ecumenical_altar_fadedgnrine, serial_shops, nicolae_square_shop
D:2:      layout_rooms
D:3:      layout_loops_ring, nicolae_qazlal_general_emergency, uniq_ijyb
D:4:      layout_loops_cross, nrook_loot_triangle, minmay_checkerbox
D:5:      layout_cave_pods, mainiacjoe_overflow_alcove_3,
          hangedman_abyss_or_decor_stabs, uniq_pikel, uniq_duvessa
D:6:      layout_cave_pools, minmay_temple_entry_antechambers, uniq_grinder,
          uniq_sigmund
D:7:      layout_cave_pods, serial_shops, shop_statue
D:8:      layout_loops_corners, lemuel_crystal_altar,
          minmay_misc_feat_more_columns
D:9:      minmay_clustersquares, layout_cross, dpeg_lair_monsters,
          grunt_tough_drop
Temple:   nicolae_temple_slightly_damp_pantheon

Skill      XL: |  1  2  3  4  5  6  7  8  9 10 |
---------------+-------------------------------+-----
Fighting       | 4 5 6 8 9 |  9.1
Armour         | 4 5 6 8 9 |  9.1
Shields        | 4 5 6 8 9 |  9.1
Maces & Flails | 3 4 5 7 8 |  8.0

Action                     |  1- 3 |  4- 6 |  7- 9 | 10-12 || total
---------------------------+-------+-------+-------+-------++-------
  Melee: Flail             |    92 |   184 |   254 |   197 ||   727
 Invoke: Heroism           |       |       |     1 |       ||     1
    Use: Scroll            |       |    15 |     4 |       ||    19
 Armour: Scale mail        |    65 |     2 |       |       ||    67
         Chain mail        |       |   120 |    17 |       ||   137
         Skin              |       |     7 |       |       ||     7
         Plate armour      |       |       |   153 |   140 ||   293
  Dodge: Dodged            |    45 |    87 |    80 |    65 ||   277
  Block: Buckler           |    25 |    42 |       |       ||    67
         Kite shield       |       |     2 |   131 |   126 ||   259

Table legend: (Time is in decaauts)
 A = Elapsed time spent in this place.
 B = Non-inter-level travel time spent in this place.
 C = Inter-level travel time spent in this place.
 D = Time resting spent in this place.
 E = Time spent auto-exploring this place.
 F = Levels seen in this place.
 G = Mean time per level.
                   A        B        C        D        E       F      G
               +--------+--------+--------+--------+--------+-----+--------+
         Total |   8342 |   7927 |    415 |   1200 |   5083 |  10 |  834.2 |
       Dungeon |   8303 |   7925 |    378 |   1200 |   5083 |   9 |  922.6 |
        Temple |     39 |      2 |     37 |      0 |      0 |   1 |   39.0 |
               +--------+--------+--------+--------+--------+-----+--------+

Top non-repeatable levels by time:
     D:8: 1389 daAuts
     D:7: 1364 daAuts
     D:6: 1135 daAuts
     D:4: 1121 daAuts
     D:1: 951 daAuts
     D:5: 880 daAuts
     D:3: 788 daAuts
     D:2: 599 daAuts
     D:9: 72 daAuts
  Temple: 39 daAuts
